 Dungeon Crawl Stone Soup version 0.17-a0-870-gcb215c1 (webtiles) character file.

16 namelastname112 the Bolt Thrower (level 2, 0/25 HPs)
             Began as a Draconian Hunter on Apr 29, 2015.
             Succumbed to an adder's poison
             ... on level 2 of the Dungeon.
             The game lasted 00:01:09 (979 turns).

namelastname112 the Bolt Thrower (Draconian Hunter)  Turns: 979, Time: 00:01:10

Health: 0/25       AC:  4    Str: 14      XL:     2   Next: 37%
Magic:  2/2        EV: 12    Int:  9      God:
Gold:   45         SH:  0    Dex:  8 (11) Spells: 0 memorised, 1 level left

rFire  . . .     SeeInvis .     a - +0 short sword
rCold  . . .     Rnd*Rage +     (armour unavailable)
rNeg   . . .     SustAb   .     (no shield)
rPois  .         Gourm    .     (helmet restricted)
rElec  .         Spirit   .     (no cloak)
rCorr  .         Warding  .     (no gloves)
rMut   .         Stasis   .     (no boots)
MR     .....                    (no amulet)
Stlth  +.........               (no ring)
                                (no ring)

@: lethally poisoned (0 -> -6), not resistant to hostile enchantments, very
unstealthy
A: unfitting armour, berserk 1, blink 1, dopey 1, screaming 1, cold-blooded,
MP-powered wands, AC +4
a: Blink


You were on level 2 of the Dungeon.
You were not hungry.

You visited 1 branch of the dungeon, and saw 2 of its levels.

You collected 45 gold pieces.

Inventory:

Hand weapons
 a - a +0 short sword (weapon)
 b - a +1 hand crossbow
Missiles
 c - 20 bolts
Scrolls
 e - a scroll of amnesia {unknown}
 f - 2 scrolls of fog {unknown}
 g - 2 scrolls of enchant armour {unknown}
 h - a scroll of remove curse {unknown}
Comestibles
 d - 3 bread rations
 j - a fruit


   Skills:
 + Level 2.3 Fighting
 * Level 4.1 Crossbows
 + Level 1.8 Dodging
 - Level 0.8 Stealth


You had one spell level left.
You didn't know any spells.

Dungeon Overview and Level Annotations

Branches:
Dungeon (2/15)

Altars:
The Shining One


Innate Abilities, Weirdness & Mutations

Your plain brown scales are hard (AC +4).
Your body does not fit into most forms of armour.
You are cold-blooded and may be slowed by cold attacks.
You tend to lose your temper in combat.
You can translocate small distances at will.
You are dopey. (Int -2)
You occasionally shout uncontrollably at your foes.
You expend magic power (3 MP) to strengthen your wands.


Message History

You feel sick. The adder bites you.
* * * LOW HITPOINT WARNING * * *
You are lethally poisoned!
The adder poisons you! The goblin hits you but does no damage.
The rat bites you.
* * * LOW HITPOINT WARNING * * *
You are too injured to fight recklessly!
You are too injured to fight recklessly!
You are too injured to fight recklessly!
You are too injured to fight recklessly!
Drink which item? (? for menu, Esc to quit)
It was a potion of degeneration.
There was something very wrong with that liquid.
You feel clumsy. The adder closely misses you. The goblin misses you.
The rat bites you but does no damage. The adder closely misses you.
* * * LOW HITPOINT WARNING * * *
You feel sick.
The rat twitches its whiskers.
You die...

#.........
#..........
#..........
#.....>....
#..........#
#S.<.......#
#grS.!.....#
#..........
#@.........
.............#####
#############


You could see 2 adders, a goblin and a rat.

Vanquished Creatures
  4 giant geckos (D:1)
  2 goblins (D:1)
  A ball python (D:1)
  A giant newt (D:1)
  3 kobolds (D:1)
  A rat (D:1)
12 creatures vanquished.

Notes
Turn   | Place    | Note
--------------------------------------------------------------
     0 | D:1      | namelastname112, the Draconian Hunter, began the quest for the Orb.
     0 | D:1      | Reached XP level 1. HP: 17/17 MP: 1/1
   235 | D:1      | Found a glowing golden altar of the Shining One.
   298 | D:1      | Gained mutation: You can translocate small distances at will. [potion of mutation]
   298 | D:1      | Gained mutation: You expend magic power (3 MP) to strengthen your wands. [potion of mutation]
   302 | D:1      | Gained mutation: You occasionally shout uncontrollably at your foes. [potion of mutation]
   302 | D:1      | Gained mutation: You tend to lose your temper in combat. [potion of mutation]
   302 | D:1      | Gained mutation: You are dopey. (Int -2) [potion of mutation]
   693 | D:1      | Reached XP level 2. HP: 25/25 MP: 2/2
   704 | D:1      | Reached skill level 4 in Crossbows
   975 | D:2      | HP: 1/25 [rat (2)]
   979 | D:2      | Succumbed to an adder's poison

Action                   || total
-------------------------++-------
Melee: Short sword       ||    81
  Use: Potion            ||     3
 Stab: Sleeping          ||     1
